woodfighter, chaotic female orcish Cavewoman ----- -- --.|.-- |.----.....--- ..|.........-- --- -...........| |. --...........| . |............--- -- . |..............| -- |. -.- --.......|.---.--- --- ---... -- -.|.. |.| ---.------|.| |...---.--- |........ --.....- ----|.| |...| -----.| --........| |.................--..||.| |.-----.|...| --.......| --.....................--.--|.| --......| ---)<..-- |..................h@.......|.| |......-- |..[.-- -- | |.............G...).--.|.| |.....-- --....| --........ --.......-|...| |-....-- --..-- -...... -........|-.>| |......| |.-- G..G. - ...........||..| ---.|.-- |.| ----- .......---.|..------- ----- --- ------ - ------ woodfighter the Cave Teen Experience level: 4 Strength: 18/01 Dexterity: 16 Constitution: 14 Intelligence: 8 Wisdom: 9 Charisma: 9 Health: 0(26) Energy: 14(14) Def: 2 Gold: 0 Moves: 1127 Dungeon seed: Gw2BmRt1lz8EoAhP Game ID: woodfighter_1475232017 Your Inventory: Weapons a - a +1 club (weapon in hand) b - a +2 sling (alternate weapon; not wielded) u - 9 +0 arrows v - a +0 bow Armor n - an uncursed +0 dwarvish cloak q - an uncursed +0 leather armor (being worn) r - an uncursed +0 dwarvish mithril-coat y - an uncursed +0 dwarvish iron helm z - an uncursed +0 dwarvish cloak N - a cursed -1 pair of jumping boots Comestibles c - 2 uncursed tripe rations g - an uncursed lichen corpse h - an uncursed food ration Scrolls B - an uncursed scroll of identify Tools s - an uncursed sack w - an uncursed tallow candle (0:200) x - a +0 pick-axe A - a bag of tricks (0:5) Gems e - 11 uncursed flints (in quiver) Contents of the sack: 103 gold pieces a [uncursed] scroll of enchant armor a [uncursed] scroll of enchant weapon 3 [uncursed] scrolls of identify a [uncursed] scroll of teleportation a potion of holy water 2 [uncursed] potions of water a [uncursed] wand of make invisible [0:6] Spells and supernatural/magical abilities: Name Level Category Fail Memory W - pray for help -- divine ? -- Your skills at the end: Miscellaneous Skills bare handed combat [Basic] Weapon Skills scimitar [Basic] club [Basic] sling [Basic] Spellcasting Skills Final Attributes: You were piously aligned. You were poison resistant. You had infravision. You were somewhat stealthy. You are dead. Vanquished creatures: 2 dwarves a giant bat a large kobold 3 gnomes 4 jackals 2 kobolds 5 newts a goblin 2 bats 2 lichens 23 creatures vanquished. Voluntary challenges: You did not adorn yourself with jewelry or accessories. You did not cause conflict. You were not invisible. You did not have reflection. You were not displaced. You were an atheist. You used a wielded weapon 28 times, starting on turn 300. You did not apply a unicorn horn. You did not use plumbed fixtures. You did not drink any magical draughts. You were illiterate. You never genocided any monsters. You never polymorphed an object. You never changed form. You used no wishes. You never split a pudding. You never wrote Elbereth's name. You never violated your personal moral code. Dungeon overview: The Dungeons of Doom: levels 1 to 3 Level 1 a fountain a long staircase Level 2 (vault) a general store stairs to The Gnomish Mines Level 3 The Gnomish Mines: levels 3 to 4 Level 3 <- You were here stairs to The Dungeons of Doom Level 4 History has recorded: On T:1 you entered the Dungeons of Doom to retrieve the Amulet of Yendor! On T:414 you reached level 2 of The Dungeons of Doom. On T:684 you advanced to experience level 2. On T:686 you reached level 1 of The Gnomish Mines. On T:775 you reached level 3 of The Dungeons of Doom. On T:946 you advanced to experience level 3. On T:1017 you advanced to experience level 4. On T:1090 you reached level 2 of The Gnomish Mines. Score breakdown: Gold: 103 ( 10 points) Experience: 4 levels ( 300 points) Exploration: 4 levels ( 90 points) Discoveries: 11 items ( 550 points) Variety of kills: 10 monsters ( 500 points) Major goal: (nothing yet) ( 0 points) Survival: died (score multiplied by 3) Total score: 4350 Latest messages: The gnome punches you! You kill the gnome! You see here a pair of buckled boots. N - a pair of buckled boots. You see here a bag. You carefully open the bag... It develops a huge set of teeth and bites you! A - a bag of tricks. You stop exploring. A cloud of gas puts you to sleep! You are hit! You wake up. The dwarf lord hurls a sky blue potion! The phial crashes on the gnome's head and breaks into shards. The sky blue potion evaporates. (You can name a sky blue potion from the item naming menu.) B - a scroll of identify. You hit the gnome! You kill the gnome! The giant bat bites! (2x) You kill the giant bat! The dwarf lord punches you! (2x) You hit the dwarf lord! The gnome lord punches you! You hit the gnome lord! The dwarf lord punches you! (2x) You die... Final status: Goodbye woodfighter the Cavewoman, killed by a dwarf lord... You died in The Gnomish Mines on dungeon level 3 with 4350 points, and 103 pieces of gold, after 1127 moves. You were level 4 with a maximum of 26 hit points when you died.